 Dungeon Crawl Stone Soup version 0.15.0-12-gccce430 (webtiles) character file.

1812 Johnny the Ruinous (level 8, -1/62 HPs)
             Began as a Demigod Conjurer on Sept 1, 2014.
             Slain by Starve's ghost (9 damage)
             ... on Level 6 of the Dungeon.
             The game lasted 00:21:14 (6507 turns).

Johnny the Ruinous (Demigod Conjurer)               Turns: 6507, Time: 00:21:14

HP  -1/62        AC 11     Str 16      XL: 8   Next: 54%
MP   0/20        EV 12     Int 23      God:
Gold 305         SH  0     Dex 18      Spells:  4 memorised,  3 levels left

rFire  + . .     SeeInvis .     d - +4 spear (venom)
rCold  x . .     Clarity  .     u - +3 ring mail
rNeg   . . .     rCorr    .     (no shield)
rPois  .         rRot     .     n - +1 helmet
rElec  .         Spirit   +     (no cloak)
SustAb .         Warding  .     (no gloves)
rMut   .         Stasis   .     (no boots)
Gourm  .                        j - amulet of guardian spirit
MR     .....                    (no ring)
                                y - ring of fire

@: mighty, lethally poisoned, not resistant to hostile enchantments, unstealthy
A: evolution 1
a: no special abilities


You were on level 6 of the Dungeon.
You were very full.

You visited 1 branch of the dungeon, and saw 6 of its levels.
You also visited: Sewer.

You collected 365 gold pieces.
You spent 60 gold pieces at shops.

Inventory:

Hand weapons
 d - a +4 spear of venom (weapon)
Armour
 n - a +1 helmet (worn)
 u - a +3 ring mail (worn)
Magical devices
 x - a wand of enslavement (7)
 z - a wand of cold (2) {unknown}
Comestibles
 b - 5 bread rations
 o - 5 meat rations
Scrolls
 f - 3 scrolls of teleportation
 g - a scroll of fog
 m - a scroll of remove curse
 r - 3 scrolls of recharging
 s - a scroll of amnesia {unknown}
 v - a scroll of magic mapping {unknown}
Jewellery
 j - an amulet of guardian spirit (around neck)
 y - a ring of fire (left hand)
Potions
 k - 5 potions of curing
Books
 c - a book of Conjurations

   Spells                             Type                      Level
   *Magic Dart                        Conjuration                  1
   *Searing Ray                       Conjuration                  2
   *Dazzling Spray                    Conjuration/Hexes            3
   Fulminant Prism                    Conjuration/Hexes            4
   *Iskenderun's Mystic Blast         Conjuration                  4
   Iskenderun's Battlesphere          Conjuration/Charms           5


   Skills:
 + Level 2.5 Fighting
 + Level 3.6 Polearms
 + Level 4.4 Armour
 + Level 5.1 Dodging
 + Level 4.1 Stealth
 + Level 3.4 Spellcasting
 + Level 5.1 Conjurations
 + Level 0.6 Hexes
 + Level 1.3 Evocations


You had 3 spell levels left.
You knew the following spells:

 Your Spells              Type           Power        Failure   Level  Hunger
a - Magic Dart            Conj           ####         1%          1    None
b - Searing Ray           Conj           ####..       1%          2    #......
c - Dazzling Spray        Conj/Hex       ###.....     14%         3    ###....
d - Iskenderun's Mystic   Conj           ####....     14%         4    ####...


Dungeon Overview and Level Annotations

Branches:
Dungeon (6/15)             Temple (0/1) D:4

Shops:
D:6 :

Annotations:
D:6 Pikel; Starve's ghost, experienced HOGl


Innate Abilities, Weirdness & Mutations

You evolve.


Message History

You feel very mighty all of a sudden. Starve's ghost hits you!
Drink which item? (? for menu, Esc to quit)
That liquid tasted very nasty...
You are poisoned.
It was a potion of poison.
You feel sick. Starve's ghost hits you.
Drink which item? (? for menu, Esc to quit)
You feel much better.
You feel sick. Starve's ghost hits you!
Drink which item? (? for menu, Esc to quit)
You feel nature experimenting on you.
Don't worry, failures die fast.
You feel fantastic!
It was a potion of beneficial mutation.
You feel sick. Starve's ghost hits you!
Drink which item? (? for menu, Esc to quit)
You feel refreshed.
It was a potion of restore abilities.
You feel sick. Starve's ghost hits you.
You hit Starve's ghost but do no damage.
Starve's ghost is heavily damaged.
Starve's ghost hits you!
* * * LOW HITPOINT WARNING * * *
You feel sick. Starve's ghost hits you!
You die...

#..# ##..##..# ##<.#
##..)..# ##...###
#....## .......###
##....#
...##......###....##
...##
##......#....## #
##.........##
#........##
#@.......#
#W......##
#........#
#..........
#..)........
###########


You could see Starve's ghost.

Vanquished Creatures
  Blork the orc (D:4)
  The ghost of Dirian the Slasher, an average MiFi (D:5)
  The ghost of dadoka the Sneak, an average KoAs (D:3)
  A black bear (D:6)
  2 ogres (D:4)
  Sigmund (D:3)
  A giant frog (D:6)
  A big kobold (Sewer)
  2 scorpions
  2 wights (D:6)
  2 hounds (D:5)
  2 orc priests
  A jelly (D:5)
  4 worker ants
  2 orc wizards (D:5)
  Terence (D:3)
  A green rat (Sewer)
  3 gnolls (D:2)
  12 adders
  A shadow imp (D:6)
  2 worms (D:3)
  An orc skeleton (D:5)
  2 giant geckos (D:2)
  4 oozes
  12 orcs
  6 bats
  3 giant cockroaches
  15 goblins
  11 hobgoblins
  13 jackals
  20 kobolds
  A quokka (D:5)
  A ball python (Sewer)
  A giant gecko skeleton (D:5)
  7 giant newts
  A hobgoblin skeleton (D:5)
  A kobold skeleton (D:4)
  17 rats
160 creatures vanquished.

Vanquished Creatures (collateral kills)
  Eustachio (D:4)
  A phantom (D:4)
  An ogre (D:4)
  A hound (D:4)
  An orc wizard (D:4)
  A worker ant (D:4)
  An adder (D:4)
  An orc skeleton (D:4)
  A bat (D:4)
  A goblin (D:4)
  A rat (D:4)
11 creatures vanquished.

Vanquished Creatures (others)
  2 orcs (D:5)
  A hobgoblin (D:5)
  A quokka (D:5)
4 creatures vanquished.

Grand Total: 175 creatures vanquished

Notes
Turn   | Place    | Note
--------------------------------------------------------------
     0 | D:1      | Johnny, the Demigod Conjurer, began the quest for the Orb.
     0 | D:1      | Reached XP level 1. HP: 14/14 MP: 3/3
   368 | D:1      | Reached XP level 2. HP: 12/20 MP: 4/4
   667 | D:1      | Reached skill level 4 in Conjurations
   962 | D:2      | Reached XP level 3. HP: 26/26 MP: 8/8
  1474 | D:2      | Learned a level 2 spell: Searing Ray
  1478 | D:2      | Learned a level 3 spell: Dazzling Spray
  1538 | D:3      | Noticed dadoka's ghost (average KoAs)
  1768 | D:2      | Reached XP level 4. HP: 21/34 MP: 6/10
  1973 | D:3      | Found a glowing drain.
  1986 | Sewer    | Entered a sewer
  2008 | Sewer    | Reached skill level 1 in Polearms
  2017 | Sewer    | Noticed a big kobold
  2028 | Sewer    | Killed a big kobold
  2028 | Sewer    | Reached skill level 1 in Fighting
  2028 | Sewer    | Reached XP level 5. HP: 38/40 MP: 3/12
  2928 | D:3      | Noticed Terence
  2932 | D:3      | Killed Terence
  2966 | D:3      | Reached skill level 1 in Armour
  3036 | D:3      | Reached XP level 6. HP: 45/47 MP: 5/14
  3143 | D:3      | Noticed Sigmund
  3155 | D:3      | Killed Sigmund
  3550 | D:3      | Killed dadoka's ghost
  3662 | D:4      | Noticed Blork the orc
  3694 | D:4      | Reached XP level 7. HP: 50/52 MP: 18/18
  3718 | D:4      | Noticed Eustachio
  3738 | D:4      | Killed Eustachio
  3738 | D:4      | Reached skill level 1 in Evocations
  3758 | D:4      | Killed Blork the orc
  3854 | D:4      | Learned a level 4 spell: Iskenderun's Mystic Blast
  4504 | D:4      | Found a staircase to the Ecumenical Temple.
  4684 | D:5      | Entered Level 5 of the Dungeon
  4713 | D:5      | Reached XP level 8. HP: 59/61 MP: 18/20
  4846 | D:5      | Reached skill level 5 in Conjurations
  4929 | D:5      | Noticed Dirian's ghost (average MiFi)
  5240 | D:5      | Found Zin's Purification Station.
  5240 | D:5      | Found a glowing silver altar of Zin.
  5267 | D:5      | Bought a potion of curing for 60 gold pieces
  5426 | D:5      | Found a white marble altar of Elyvilon.
  5574 | D:5      | Found a sparkling altar of Nemelex Xobeh.
  5734 | D:5      | Killed Dirian's ghost
  5734 | D:5      | Reached skill level 5 in Dodging
  6065 | D:6      | Found Paeg Ree's Book Emporium.
  6066 | D:6      | Noticed Pikel
  6345 | D:6      | Noticed Starve's ghost (experienced HOGl)
  6504 | D:6      | Gained mutation: You evolve. [potion of beneficial mutation]
  6507 | D:6      | Slain by Starve's ghost

Action                   |  1- 3 |  4- 6 |  7- 9 || total
-------------------------+-------+-------+-------++-------
Melee: Spear             |   101 |   134 |   173 ||   408
 Cast: Magic Dart        |     4 |     4 |    11 ||    19
       Searing Ray       |     3 |     8 |    15 ||    26
       Dazzling Spray    |       |     5 |     1 ||     6
       Iskenderun's Myst |       |       |    11 ||    11
Evoke: Wand              |       |     3 |     1 ||     4
  Use: Scroll            |       |    11 |     6 ||    17
       Potion            |       |       |     8 ||     8
 Stab: Sleeping          |     5 |     2 |     7 ||    14
       Distracted        |     1 |     2 |       ||     3
  Eat: Chunk             |     2 |     7 |     4 ||    13
       Fruit             |       |     2 |     4 ||     6
       Bread ration      |       |       |     2 ||     2
       Pizza             |       |       |     2 ||     2
